 Dungeon Crawl Stone Soup version 0.29-a0-90-gc37658a0fe (webtiles) character file.

Game seed: 16420671257792214391

153 lordive the Ducker (level 5, 0/28 HPs)
             Began as a Spriggan Abyssal Knight on Feb 6, 2022.
             Was a Believer of Lugonu.
             Succumbed to a scorpion's poison
             ... on level 4 of the Dungeon.
             The game lasted 00:06:18 (6689 turns).

lordive the Ducker (Spriggan Abyssal Knight)        Turns: 6689, Time: 00:06:19

Health: 0/28       AC:  2    Str:  9    XL:     5   Next: 12%
Magic:  0/7        EV: 19    Int: 13    God:    Lugonu [**....]
Gold:   238        SH:  0    Dex: 16    Spells: 3/4 levels left

rFire   . . .      SeeInvis +   a - +1 short sword
rCold   + . .      Faith    .   (no shield)
rNeg    . . .      Spirit   +   b - +0 robe
rPois   .          Reflect  .   (helmet restricted)
rElec   .          Harm     .   (no cloak)
rCorr   .          Rampage  .   (gloves unavailable)
Will    .....                   (boots unavailable)
Stlth   ++........              i - amulet of guardian spirit
HPRegen 0.09/turn               m - ring of protection from cold
MPRegen 0.10/turn               (no ring)

@: lethally poisoned (0 -> -15), very quick
A: very small, no large weapons, unfitting armour, see invisible, speed 3
a: Renounce Religion, Depart the Abyss, Bend Space


You were on level 4 of the Dungeon.
You worshipped Lugonu.
Lugonu was pleased with you.
You visited 1 branch of the dungeon, and saw 5 of its levels.
You visited the Abyss 1 time.

You collected 238 gold pieces.

Inventory:

Hand Weapons
 a - a +1 short sword (weapon)
Missiles
 n - 180 stones
Armour
 b - a +0 robe (worn)
Jewellery
 i - an amulet of guardian spirit (around neck)
 m - a ring of protection from cold (left hand)
Scrolls
 c - a scroll of amnesia {unknown}
 d - 2 scrolls of fear {unknown}
 e - a scroll of summoning {unknown}
 f - a scroll of identify {unknown}
 h - a scroll of fog {unknown}
 k - a scroll of noise {unknown}
 o - a scroll of teleportation {unknown}
Potions
 g - a potion of invisibility {unknown}
 j - a potion of curing {unknown}
 l - a potion of resistance {unknown}


   Skills:
 + Level 3.1 Fighting
 + Level 4.0 Short Blades
 + Level 4.4 Dodging
 + Level 1.0 Stealth
 * Level 2.4 Invocations


You had 3 spell levels left.
You knew the following spells:

 Your Spells              Type           Power      Damage    Failure   Level
a - Sandblast             Erth           0%         2d4       30%         1

Your spell library contained the following spells:

 Spells                   Type           Power      Damage    Failure   Level
 Blink                    Tloc           0%         N/A       43%         2
 Passwall                 Tmut/Erth      0%         N/A       43%         2
 Static Discharge         Conj/Air       0%         N/A       43%         2
 Stone Arrow              Conj/Erth      0%         3d7       67%         3
 Lightning Bolt           Conj/Air       0%         1d11      100%        5
 Manifold Assault         Tloc           0%         N/A       100%        5
 Storm Form               Tmut/Air       0%         N/A       100%        7
 Maxwell's Capacitive Co  Air            0%         ∞         100%        8


Dungeon Overview and Level Annotations

Branches:
Dungeon (5/15)
 Temple: D:4-7

Altars:
The Shining One

Shops:
D:1 (


Innate Abilities, Weirdness & Mutations

You are very small and have problems with some larger weapons.
You are too small for most types of armour.
You have supernaturally acute eyesight. (SInv)
You cover ground extremely quickly. (Speed+++)


Message History

There is a stone staircase leading down here.
You climb downwards.
The iguana barely misses you.
There is a stone staircase leading up here.
An iguana is nearby!
You barely miss the iguana. You punch the iguana, but do no damage.
The iguana closely misses you.
You hit the iguana.
The iguana is lightly wounded.
The iguana misses you.
You hit the iguana.
The iguana is lightly wounded.
The iguana closely misses you.
You hit the iguana but do no damage.
The iguana is lightly wounded.
The iguana bites you!
You hit the iguana.
The iguana is moderately wounded.
The iguana barely misses you.
You barely miss the iguana.
The iguana is moderately wounded.
The iguana misses you.
You closely miss the iguana.
The iguana is moderately wounded.
You closely miss the iguana.
The iguana is moderately wounded.
The iguana closely misses you.
You hit the iguana.
The iguana is heavily wounded.
The iguana bites you!
* * * LOW HITPOINT WARNING * * *
You are too injured to fight recklessly!
You are too injured to fight recklessly!
Unknown command.
The iguana completely misses you.
You climb upwards.
The scorpion misses you. The scorpion stings you.
* * * LOW HITPOINT WARNING * * *
You are lethally poisoned!
The scorpion poisons you!
There is a stone staircase leading down here.
You die...

#.# #.# #.####### #####
#####.......# #...#
#.......###.# #...# #.......#
#[# #...# #####.......# #.#
#...# #.....<.....# #.#
###...########..@........###.#
......').....'...>s......'...#
##....########..l........#####
#....# #...........# ##'####
#...........# #..÷..#
#...........# #.....#
#####...........# #.....#
#...............# #.....#
#..(..###.......#


You could see a scorpion and an iguana.

Vanquished Creatures
  An iguana (D:4)
  8 adders
  2 worms
  2 dart slugs
  An orc (D:4)
  2 endoplasms (D:2)
  A giant cockroach (D:1)
  4 goblins
  A hobgoblin (D:1)
  3 jackals (D:1)
  A quokka (D:3)
  5 ball pythons
  3 bats
  3 frilled lizards
  8 kobolds
  4 rats
49 creatures vanquished.

Notes
Turn   | Place    | Note
-------+----------+-------------------------------------------
     0 | Abyss:1  | lordive the Spriggan Abyssal Knight began the quest for the
                  | Orb.
     0 | Abyss:1  | Reached XP level 1. HP: 11/11 MP: 3/3
    56 | D:1      | Escaped the Abyss
   338 | D:1      | Found Boixkegh's Weapon Emporium.
   413 | D:1      | Reached XP level 2. HP: 16/16 MP: 4/4
  1784 | D:2      | Reached XP level 3. HP: 11/19 MP: 5/5
  2421 | D:2      | Found a glowing golden altar of the Shining One.
  2730 | D:3      | Found a faded altar of an unknown god.
  2834 | D:3      | Reached ** piety under Lugonu
  3064 | D:3      | Reached XP level 4. HP: 21/24 MP: 6/6
  5636 | D:4      | Reached skill level 1 in Stealth
  5636 | D:4      | Reached XP level 5. HP: 11/28 MP: 2/7
  5918 | D:5      | Entered Level 5 of the Dungeon
  6036 | D:4      | Learned a level 1 spell: Sandblast
  6689 | D:4      | Succumbed to a scorpion's poison

Illustrated notes

Levels and vault maps discovered:
D:1:      heliophobic_arrival_henge, layout_loops_corners, serial_shops,
          nicolae_shop_statue_plus, hangedman_decor_growths
D:2:      layout_loops_ring, basic_altar
D:3:      layout_basic, basic_ecumenical_altar, fountainhead,
          minmay_misc_feat_secret_circle
D:4:      layout_basic
D:5:      layout_basic, serial_corexii_hall, corexii_hall_statues_l,
          chequers_hall_statues_corner_a, corexii_hall_statues_u,
          corexii_hall_statues_l

Skill      XL: |  1  2  3  4 |
---------------+-------------+-----
Invocations    | 2 |  2.4
Fighting       | 3 |  3.1
Short Blades   | 3 4 |  4.0
Dodging        | 4 |  4.4
Stealth        | 1 |  1.0

Action                   |  1- 3 |  4- 6 || total
-------------------------+-------+-------++-------
Melee: Short sword       |   171 |   132 ||   303
       Punch             |     1 |     1 ||     2
 Stab: Sleeping          |     1 |       ||     1
Armor: Robe              |    18 |     5 ||    23
Dodge: Dodged            |   143 |    92 ||   235

Table legend: (Time is in decaauts)
 A = Elapsed time spent in this place.
 B = Non-inter-level travel time spent in this place.
 C = Inter-level travel time spent in this place.
 D = Time resting spent in this place.
 E = Time spent auto-exploring this place.
 F = Levels seen in this place.
 G = Mean time per level.
                   A        B        C        D        E       F      G
               +--------+--------+--------+--------+--------+-----+--------+
         Total |   5433 |   5173 |    260 |   2020 |   2492 |   6 |  905.5 |
       Dungeon |   5399 |   5139 |    260 |   2020 |   2460 |   5 | 1079.8 |
         Abyss |     34 |     34 |      0 |      0 |     31 |   1 |   34.0 |
               +--------+--------+--------+--------+--------+-----+--------+

Top non-repeatable levels by time:
     D:4: 2394 daAuts
     D:1: 1222 daAuts
     D:2: 1068 daAuts
     D:3: 616 daAuts
     D:5: 98 daAuts
 Abyss:1: 34 daAuts
